AoeStats
← Kurt_Loves_AoE2

Four Lakes

508380434Analyzed
1v1 RM · 10d ago on Sep 22, 2026· 36m 13s· 2 players
Game mode
Random Map
Map size
Tiny (2 player)
Population
200
Speed
Normal
Resources
Standard
Victory
Conquest
Starting age
Dark Age
Ending age
Imperial Age
RankedLock teamsTeams togetherTeam positionsShared explorationLock speedFull tech treeHidden civsTurbo modeCheats
Victory
Defeat
🇺🇸 Persians · United States
442
+19
🇯🇵 Spanish · Japan
515
-19
Kurt_Loves_AoE2
3:51 Loom
13:10 Feudal Age
14:44 Wheelbarrow
13:55 Town Watch
14:08 Double-Bit Axe
15:53 Gold Mining
16:53 Man-at-Arms
17:20 Arson
18:40 Scale Mail Armor
18:51 Forging
18:32 Fletching
22:40 Bloodlines
22:37 Horse Collar
23:44 Fishing Lines
30:16 Castle Age
30:04 Pikeman
30:45 Squires
31:13 Bodkin Arrow
31:34 Chain Mail Armor
31:56 Iron Casting
31:29 Scale Barding Armor
33:11 Husbandry
33:46 Bow Saw
35:26 Chain Barding Armor
aren12100
9:01 Loom
12:37 Feudal Age
19:29 Castle Age
17:51 Fletching
27:07 Wheelbarrow
31:25 Double-Bit Axe
31:24 Horse Collar
32:48 Forging
33:32 Gold Mining
Connection lost

Rejoining the realm…

Still unreachable

The connection could not be restored.

Session expired

The server has moved on; the page needs a fresh start.